FBNC
UNION TOWNSHIP SODBUSTERS @ ST. LOUIS CARDINALS
03/29/1946
 
TOP OF THE 1ST
Union Township Sodbusters batting - Pitching for St. Louis Cardinals : LHP Steve Carlton
Pitching: LHP Steve Carlton
Batting: LHB Goose Goslin 0-0: Ball
1-0: Called Strike
1-1: Swinging Strike
1-2: Strikes out looking
Batting: SHB Frankie Frisch 0-0: Ball
1-0: Called Strike
1-1: Called Strike
1-2: Foul Ball, location: 2F
1-2: SINGLE (Line Drive, 8RS, EV 98.8 MPH)
Batting: RHB Austin McHenry 0-0: Grounds into double play, 4-6-3 (Groundball, 4M, EV 99.4 MPH)
Top of the 1st over - 0 runs, 1 hit, 0 errors, 0 left on base; Union Township 0 - St. Louis 0
BOTTOM OF THE 1ST
St. Louis Cardinals batting - Pitching for Union Township Sodbusters : RHP Hooks Dauss
Pitching: RHP Hooks Dauss
Batting: RHB Sixto Lezcano 0-0: Ball
1-0: SINGLE (Groundball, 4MD, EV 107.5 MPH)
Batting: LHB Jose Cruz 0-0: Ball
1-0: Ball
2-0: Ball
3-0: Called Strike
3-1: Base on Balls
Sixto Lezcano to second
Batting: LHB Pat Putnam 0-0: Called Strike
0-1: Ball
1-1: Fly out, F9 (Flyball, 89D, EV 103.1 MPH)
Runner from 2nd tags up, SAFE at 3rd, no throw by RF
Batting: RHB Dick Allen 0-0: SINGLE (Line Drive, 8RS, EV 103.1 MPH)
Sixto Lezcano scores
Jose Cruz to second
Batting: RHB Joe Torre 0-0: Foul Ball, location: 2F
0-1: Grounds into double play, 5-4-3 (Groundball, 5, EV 111.3 MPH)
Bottom of the 1st over - 1 run, 2 hits, 0 errors, 1 left on base; Union Township 0 - St. Louis 1
TOP OF THE 2ND
Union Township Sodbusters batting - Pitching for St. Louis Cardinals : LHP Steve Carlton
Batting: RHB Bubbles Hargrave 0-0: Called Strike
0-1: Ball
1-1: Ball
2-1: Called Strike
2-2: SINGLE (Flyball, 78S, EV 94.4 MPH)
Batting: RHB Chick Hafey 0-0: Ball
1-0: Called Strike
1-1: Fly out, F8 (Line Drive, 8LD, EV 88.8 MPH)
Batting: RHB John Kelleher 0-0: Ball
1-0: Ball
2-0: Ball
3-0: Called Strike
3-1: Grounds out, U3 (Groundball, 3L, EV 99.4 MPH)
Batting: RHB Joe Dugan 0-0: Ground out 5-3 (Groundball, 56S, EV 86.3 MPH)
Top of the 2nd over - 0 runs, 1 hit, 0 errors, 1 left on base; Union Township 0 - St. Louis 1
BOTTOM OF THE 2ND
St. Louis Cardinals batting - Pitching for Union Township Sodbusters : RHP Hooks Dauss
Batting: LHB Jim Gantner 0-0: Ball
1-0: Swinging Strike
1-1: SINGLE (Groundball, 3D, EV 95.6 MPH)
Batting: RHB Bob Brenly 0-0: Foul Ball, location: 2F
0-1: Called Strike
0-2: Ball
1-2: Fly out, F6 (Popup, 6, EV 70.0 MPH)
Batting: SHB Billy E Smith 0-0: Ball
1-0: Fly out, F7 (Flyball, 7S, EV 71.9 MPH)
Batting: LHB Steve Carlton 0-0: Ball
1-0: Swinging Strike
1-1: Ball
2-1: DOUBLE (Line Drive, 7LM, EV 95.0 MPH)
Jim Gantner to third
Batting: RHB Sixto Lezcano 0-0: Ball
1-0: Called Strike
1-1: Fly out, F7 (Flyball, 7LS, EV 79.4 MPH)
Bottom of the 2nd over - 0 runs, 2 hits, 0 errors, 2 left on base; Union Township 0 - St. Louis 1
TOP OF THE 3RD
Union Township Sodbusters batting - Pitching for St. Louis Cardinals : LHP Steve Carlton
Batting: RHB Jimmy E Cooney 0-0: Called Strike
0-1: SINGLE (Groundball, 34D, EV 98.1 MPH)
Batting: RHB Hooks Dauss 0-0: Sac Bunt to 15 - play at first, batter OUT! 1-4
Jimmy E Cooney to second
Batting: LHB Goose Goslin 0-0: Called Strike
0-1: Called Strike
0-2: Ball
1-2: Foul Ball, location: 2F
1-2: Fly out, F8 (Flyball, 8LXD, EV 102.5 MPH)
Runner from 2nd tags up, SAFE at 3rd, no throw by CF
Batting: SHB Frankie Frisch 0-0: Foul Ball, location: 2F
0-1: Ball
1-1: Ball
2-1: Foul Ball, location: 2F
2-2: SINGLE (Line Drive, 7S, EV 94.4 MPH)
Jimmy E Cooney scores
Batting: RHB Austin McHenry 0-0: Ball
1-0: Ground out 1-3 (Groundball, 13, EV 88.8 MPH)
Top of the 3rd over - 1 run, 2 hits, 0 errors, 1 left on base; Union Township 1 - St. Louis 1
BOTTOM OF THE 3RD
St. Louis Cardinals batting - Pitching for Union Township Sodbusters : RHP Hooks Dauss
Batting: LHB Jose Cruz 0-0: Called Strike
0-1: Ball
1-1: Called Strike
1-2: Ball
2-2: Strikes out swinging
Batting: LHB Pat Putnam 0-0: SINGLE (Flyball, 7LM, EV 92.5 MPH)
Batting: RHB Dick Allen 0-0: Called Strike
0-1: Grounds into double play, 6-4-3 (Groundball, 6, EV 84.4 MPH)
Bottom of the 3rd over - 0 runs, 1 hit, 0 errors, 0 left on base; Union Township 1 - St. Louis 1
TOP OF THE 4TH
Union Township Sodbusters batting - Pitching for St. Louis Cardinals : LHP Steve Carlton
Batting: RHB Bubbles Hargrave 0-0: Foul Ball, location: 2F
0-1: Swinging Strike
0-2: Ball
1-2: Ball
2-2: Fly out, F4 (Popup, 4, EV 56.9 MPH)
Batting: RHB Chick Hafey 0-0: Called Strike
0-1: Ball
1-1: Foul Ball, location: 2F
1-2: Strikes out swinging
Batting: RHB John Kelleher 0-0: Ball
1-0: Called Strike
1-1: Ball
2-1: Foul Ball, location: 2F
2-2: Foul Ball, location: 2F
2-2: Fly out, F9 (Line Drive, 9, EV 96.9 MPH)
Top of the 4th over - 0 runs, 0 hits, 0 errors, 0 left on base; Union Township 1 - St. Louis 1
BOTTOM OF THE 4TH
St. Louis Cardinals batting - Pitching for Union Township Sodbusters : RHP Hooks Dauss
Batting: RHB Joe Torre 0-0: Ball
1-0: Ground out 6-3 (Groundball, 6, EV 83.8 MPH)
Batting: LHB Jim Gantner 0-0: Ball
1-0: Ball
2-0: Called Strike
2-1: SINGLE (Line Drive, 56, EV 98.1 MPH)
Batting: RHB Bob Brenly 0-0: Swinging Strike
0-1: SINGLE (Groundball, 56D, EV 98.1 MPH)
Jim Gantner to second
Batting: SHB Billy E Smith 0-0: Foul Ball, location: 2F
0-1: Foul Ball, location: 2F
0-2: Ball
1-2: Ball
2-2: Grounds into double play, 4-6-3 (Groundball, 4, EV 87.5 MPH)
Bottom of the 4th over - 0 runs, 2 hits, 0 errors, 1 left on base; Union Township 1 - St. Louis 1
TOP OF THE 5TH
Union Township Sodbusters batting - Pitching for St. Louis Cardinals : LHP Steve Carlton
Batting: RHB Joe Dugan 0-0: Called Strike
0-1: SINGLE (Line Drive, 34D, EV 94.4 MPH)
Batting: RHB Jimmy E Cooney 0-0: Ball
Joe Dugan steals 2nd base
1-0: Fly out, F5 (Line Drive, 5, EV 64.4 MPH)
Batting: RHB Hooks Dauss 0-0: Foul Ball, location: 2F
0-1: Called Strike
0-2: Ball
1-2: Foul Ball, location: 2F
1-2: Strikes out swinging
Batting: LHB Goose Goslin 0-0: Ball
1-0: Ground out 6-3 (Groundball, 6, EV 108.8 MPH)
Top of the 5th over - 0 runs, 1 hit, 0 errors, 1 left on base; Union Township 1 - St. Louis 1
BOTTOM OF THE 5TH
St. Louis Cardinals batting - Pitching for Union Township Sodbusters : RHP Hooks Dauss
Batting: LHB Steve Carlton 0-0: Ball
1-0: Ball
2-0: Called Strike
2-1: Ground out 4-3 (Groundball, 4, EV 101.9 MPH)
Batting: RHB Sixto Lezcano 0-0: Ball
1-0: Ball
2-0: SINGLE (Line Drive, 7S, EV 104.4 MPH)
Batting: LHB Jose Cruz 0-0: Grounds into double play, 6-4-3 (Groundball, 6, EV 88.8 MPH)
Bottom of the 5th over - 0 runs, 1 hit, 0 errors, 0 left on base; Union Township 1 - St. Louis 1
TOP OF THE 6TH
Union Township Sodbusters batting - Pitching for St. Louis Cardinals : LHP Steve Carlton
Batting: SHB Frankie Frisch 0-0: Called Strike
0-1: SINGLE (Line Drive, 7LS, EV 87.5 MPH)
Batting: RHB Austin McHenry 0-0: Ball
1-0: Ball
2-0: Called Strike
2-1: SINGLE (Groundball, 4D, EV 98.1 MPH)
Frankie Frisch to second
Runner from 2nd tries for 3rd, SAFE, no throw by CF
Batting: RHB Bubbles Hargrave 0-0: SINGLE (Groundball, 56D, EV 102.5 MPH)
Frankie Frisch scores
Austin McHenry to second
Batting: RHB Chick Hafey 0-0: Called Strike
0-1: Fielders Choice at 2nd, 3-6 (Groundball, 34, EV 100.0 MPH)
Austin McHenry to third
Batting: RHB John Kelleher 0-0: Swinging Strike
0-1: Ball
1-1: Ball
2-1: Foul Ball, location: 2F
2-2: Ball
3-2: Fly out, F8 (Flyball, 8LM, EV 88.1 MPH)
Batting: RHB Joe Dugan 0-0: SINGLE (Line Drive, 34, EV 101.3 MPH)
Austin McHenry scores
Chick Hafey to second
Batting: RHB Jimmy E Cooney 0-0: Called Strike
0-1: Foul Ball, location: 2F
0-2: Fly out, F9 (Line Drive, 9D, EV 94.4 MPH)
Top of the 6th over - 2 runs, 4 hits, 0 errors, 2 left on base; Union Township 3 - St. Louis 1
BOTTOM OF THE 6TH
St. Louis Cardinals batting - Pitching for Union Township Sodbusters : RHP Hooks Dauss
Batting: LHB Pat Putnam 0-0: Swinging Strike
0-1: Hit by Pitch
Batting: RHB Dick Allen 0-0: Ball
Wild Pitch!
Pat Putnam to second
1-0: Foul Ball, location: 2F
1-1: Fly out, F4 (Popup, 4, EV 76.3 MPH)
Batting: RHB Joe Torre 0-0: Called Strike
0-1: Foul Ball, location: 2F
0-2: Ball
1-2: Foul Ball, location: 2F
1-2: Strikes out swinging
Batting: LHB Jim Gantner 0-0: Foul Ball, location: 2F
0-1: Reaches on Catchers interference
Batting: RHB Bob Brenly 0-0: Fielders Choice at 2nd, U4 (Groundball, 4M, EV 86.3 MPH)
Bottom of the 6th over - 0 runs, 0 hits, 1 error, 2 left on base; Union Township 3 - St. Louis 1
TOP OF THE 7TH
Union Township Sodbusters batting - Pitching for St. Louis Cardinals : LHP Steve Carlton
Batting: RHB Hooks Dauss 0-0: Ball
1-0: Foul Ball, location: 2F
1-1: Foul Ball, location: 2F
1-2: Ball
2-2: Strikes out swinging, 2-3 out at first.
Batting: LHB Goose Goslin 0-0: Called Strike
0-1: Swinging Strike
0-2: Ball
1-2: Foul Ball, location: 2F
1-2: Hit by Pitch
Batting: SHB Frankie Frisch 0-0: Ball
1-0: Ball
2-0: Ball
3-0: Called Strike
3-1: Foul Ball, location: 2F
3-2: Fly out, F8 (Flyball, 8RXD, EV 95.0 MPH)
Batting: RHB Austin McHenry 0-0: Called Strike
0-1: Ball
1-1: Ground out 1-3 (Groundball, 13, EV 71.9 MPH)
Top of the 7th over - 0 runs, 0 hits, 0 errors, 1 left on base; Union Township 3 - St. Louis 1
BOTTOM OF THE 7TH
St. Louis Cardinals batting - Pitching for Union Township Sodbusters : RHP Hooks Dauss
Batting: SHB Billy E Smith 0-0: Ball
1-0: Called Strike
1-1: Fly out, F8 (Line Drive, 8LD, EV 100.0 MPH)
Batting: LHB Steve Carlton 0-0: Ball
1-0: Swinging Strike
1-1: Called Strike
1-2: Foul Ball, location: 2F
1-2: Strikes out swinging
Batting: RHB Sixto Lezcano 0-0: Foul Ball, location: 2F
0-1: Foul Ball, location: 2F
0-2: Fly out, F4 (Line Drive, 4, EV 71.9 MPH)
Bottom of the 7th over - 0 runs, 0 hits, 0 errors, 0 left on base; Union Township 3 - St. Louis 1
TOP OF THE 8TH
Union Township Sodbusters batting - Pitching for St. Louis Cardinals : LHP Steve Carlton
Batting: RHB Bubbles Hargrave 0-0: Ball
1-0: Swinging Strike
1-1: Fly out, F9 (Line Drive, 9, EV 88.1 MPH)
Batting: RHB Chick Hafey 0-0: Called Strike
0-1: Foul Ball, location: 2F
0-2: Foul Ball, location: 2F
0-2: SINGLE (Line Drive, 3D, EV 101.3 MPH)
Batting: RHB John Kelleher 0-0: Ball
1-0: Ball
2-0: Called Strike
2-1: Foul Ball, location: 2F
2-2: Ground out 6-3 (Groundball, 4MS, EV 87.5 MPH)
Chick Hafey to second
Batting: RHB Joe Dugan 0-0: Called Strike
0-1: Ground out 6-3 (Groundball, 56, EV 106.9 MPH)
Top of the 8th over - 0 runs, 1 hit, 0 errors, 1 left on base; Union Township 3 - St. Louis 1
BOTTOM OF THE 8TH
St. Louis Cardinals batting - Pitching for Union Township Sodbusters : RHP Hooks Dauss
Batting: LHB Jose Cruz 0-0: Called Strike
0-1: Ball
1-1: SINGLE (Groundball, 34D, EV 94.4 MPH)
Pitching: RHP Mike Kircher
Now at 1B: Oscar Charleston
Batting: LHB Pat Putnam 0-0: Called Strike
0-1: Ball
1-1: Swinging Strike
1-2: Ball
2-2: Foul Ball, location: 2F
2-2: Fly out, F8 (Flyball, 89M, EV 76.9 MPH)
Batting: RHB Dick Allen 0-0: Ball
1-0: Ball
2-0: Ball
3-0: Called Strike
3-1: Foul Ball, location: 2F
3-2: Foul Ball, location: 2F
3-2: Base on Balls
Jose Cruz to second
Pinch Hitting: LHB Mark Hildebrand 0-0: Foul Ball, location: 2F
0-1: Foul Ball, location: 2F
0-2: Ground out 4-3 (Groundball, 3D, EV 109.4 MPH)
Jose Cruz to third
Dick Allen to second
Batting: LHB Jim Gantner 0-0: Foul Ball, location: 2F
0-1: Swinging Strike
0-2: Ground out 4-3 (Groundball, 4, EV 84.4 MPH)
Bottom of the 8th over - 0 runs, 1 hit, 0 errors, 2 left on base; Union Township 3 - St. Louis 1
TOP OF THE 9TH
Union Township Sodbusters batting - Pitching for St. Louis Cardinals : LHP Steve Carlton
Now at 1B: Mark Hildebrand
Batting: RHB Jimmy E Cooney 0-0: Foul Ball, location: 2F
0-1: SINGLE (Line Drive, 3D, EV 96.3 MPH)
Batting: LHB Oscar Charleston 0-0: Bunted foul
0-1: Ball
1-1: Ball
2-1: Bunted foul
2-2: Fly out, F7 (Flyball, 7S, EV 88.1 MPH)
Batting: LHB Goose Goslin 0-0: Ball
1-0: Fielders Choice at 2nd, 3-6 (Groundball, 34S, EV 88.8 MPH)
Pitching: RHP Larry Andersen
Batting: SHB Frankie Frisch 0-0: Ball
1-0: Called Strike
1-1: SINGLE (Groundball, 34D, EV 98.1 MPH)
Goose Goslin to second
Runner from 2nd tries for 3rd, SAFE, throw by RF made to third
Batting: RHB Austin McHenry 0-0: Foul Ball, location: 2F
0-1: Ball
1-1: SINGLE (Line Drive, 78M, EV 111.9 MPH)
Goose Goslin scores
Frankie Frisch to second
Runner from 2nd tries for 3rd, SAFE, no throw by CF
Batting: RHB Bubbles Hargrave 0-0: Ball
1-0: Called Strike
1-1: Foul Ball, location: 2F
1-2: Ball
2-2: Foul Ball, location: 2F
2-2: Fielders Choice at 2nd, 6-4 (Groundball, 6, EV 81.3 MPH)
Top of the 9th over - 1 run, 3 hits, 0 errors, 2 left on base; Union Township 4 - St. Louis 1
BOTTOM OF THE 9TH
St. Louis Cardinals batting - Pitching for Union Township Sodbusters : RHP Mike Kircher
Batting: RHB Bob Brenly 0-0: Ball
1-0: Called Strike
1-1: Ball
2-1: Foul Ball, location: 2F
2-2: Ground out 4-3 (Groundball, 4S, EV 73.1 MPH)
Batting: SHB Billy E Smith 0-0: Ball
1-0: Fly out, F8 (Line Drive, 8RD, EV 86.9 MPH)
Pinch Hitting: LHB Ralph Garr 0-0: Foul Ball, location: 2F
0-1: Ball
1-1: Foul Ball, location: 2F
1-2: Ball
2-2: Strikes out swinging
Bottom of the 9th over - 0 runs, 0 hits, 0 errors, 0 left on base; Union Township 4 - St. Louis 1
Thursday, April 25th, 2019 - OOTP Baseball 20.2 Build 33